AoeStats
← gurudeburdel

Pilgrims

509287800Analyzed
3v3 RM · 5d ago on Sep 26, 2026· 25m 29s· 6 players
Game mode
Random Map
Map size
Normal (6 player)
Population
200
Speed
Normal
Resources
Standard
Victory
Conquest
Starting age
Dark Age
Ending age
Imperial Age
RankedLock teamsTeams togetherTeam positionsShared explorationLock speedFull tech treeHidden civsTurbo modeCheats
Victory
Defeat
🇦🇷 Varangians · Argentina
980
+12
🇦🇷 Vikings · Argentina
871
+16
🇦🇷 Turks · Argentina
851
+17
🇺🇸 Turks · United States
887
-15
🇩🇪 Britons · Germany
886
-15
🇩🇪 Franks · Germany
884
-15
fatfatfattie
12:46 Feudal Age
20:35 Castle Age
24:52 Scale Barding Armor
24:58 Forging
gloovE
6:03 Loom
10:05 Feudal Age
12:21 Wheelbarrow
20:33 Double-Bit Axe
bepo
4:48 Loom
16:19 Feudal Age
20:13 Double-Bit Axe
ramiroale91
9:38 Loom
12:53 Feudal Age
13:02 Man-at-Arms
20:23 Town Watch
23:01 Castle Age
26:19 Wheelbarrow
25:46 Town Patrol
Comecaramelos
8:09 Loom
11:05 Feudal Age
11:58 Man-at-Arms
13:00 Arson
15:12 Fishing Lines
15:20 Double-Bit Axe
15:59 Horse Collar
16:29 Town Watch
22:54 Gold Mining
25:51 Castle Age
gurudeburdel
5:54 Loom
13:57 Feudal Age
21:42 Fletching
24:59 Castle Age
25:23 Wheelbarrow
24:36 Town Watch
Connection lost

Rejoining the realm…

Still unreachable

The connection could not be restored.

Session expired

The server has moved on; the page needs a fresh start.